 Dungeon Crawl Stone Soup version 0.29-a0-330-g52719c12eb (webtiles) character file.

Game seed: 6742875361557758172

112 kae the Firebug (level 4, -4/30 HPs)
             Began as an Octopode Fire Elementalist on Apr 18, 2022.
             Slain by an ogre
             ... wielding a +0 giant club
              (34 damage)
             ... on level 4 of the Dungeon.
             The game lasted 00:02:04 (4156 turns).

kae the Firebug (Octopode Fire Elementalist)        Turns: 4156, Time: 00:02:05

Health: -4/30      AC:  1    Str: 14 (15) XL:     4   Next: 95%
Magic:  0/6        EV: 13    Int: 19      God:
Gold:   113        SH:  0    Dex: 14      Spells: 1/7 levels left

rFire   . . .      SeeInvis .   e - +0 dagger (elec)
rCold   . . .      Faith    .   (no shield)
rNeg    . . .      Spirit   .   (helmet restricted)
rPois   .          Reflect  .   (no amulet)
rElec   .          Harm     .   c - +6 ring of strength
rCorr   .          Rampage  .   (no ring)
Will    .....                   (no ring)
Stlth   +++.......              (no ring)
HPRegen 0.10/turn               (no ring)
MPRegen 0.10/turn               (no ring)
                                (no ring)
                                (no ring)

@: no status effects
A: almost no armour, amphibious, 8 rings, camouflage 1, gelatinous body 1,
(nimble swimmer 1), tentacles, agile 1, low MP 1, robust 1, strong 1
a: no special abilities


You were on level 4 of the Dungeon.
You visited 1 branch of the dungeon, and saw 4 of its levels.

You collected 113 gold pieces.

Inventory:

Hand Weapons
 e - a +0 dagger of electrocution (weapon)
Jewellery
 c - a +6 ring of strength (left tentacle)
Scrolls
 b - a scroll of vulnerability
 d - a scroll of amnesia
 h - 2 scrolls of magic mapping {unknown}
 i - a scroll of teleportation {unknown}
 j - a scroll of identify
Potions
 a - 2 potions of magic
 f - 2 potions of flight
 g - 5 potions of curing
 k - a potion of might


   Skills:
 + Level 1.3 Fighting
 + Level 2.4 Dodging
 + Level 3.4 Stealth
 + Level 2.4 Spellcasting
 + Level 1.9 Conjurations
 * Level 3.9 Fire Magic


You had one spell level left.
You knew the following spells:

 Your Spells              Type           Power      Damage    Failure   Level
a - Foxfire               Conj/Fire      52%        2x1d6     4%          1
b - Scorch                Fire           34%        2d6       4%          2
c - Conjure Flame         Conj/Fire      13%        6-21      14%         3

Your spell library contained the following spells:

 Spells                   Type           Power      Damage    Failure   Level
 Pain                     Necr           8%         1d4       16%         1
 Inner Flame              Hex/Fire       9%         N/A       22%         3
 Flame Wave               Conj/Fire      13%        2d6       43%         4
 Agony                    Necr           2%         N/A       99%         5
 Excruciating Wounds      Necr           1%         N/A       99%         5


Dungeon Overview and Level Annotations

Branches:
Dungeon (4/15)
 Temple: D:4-7

Altars:
The Shining One

Annotations:
D:3 exclusion: ogre
D:4 Edmund


Innate Abilities, Weirdness & Mutations

You cannot wear most types of armour.
You are amphibious.
You can wear up to eight rings at the same time.
Your skin changes colour to match your surroundings (Stealth+).
Your rubbery body absorbs attacks. (AC +1, EV +1)
((You are camouflaged when in or above water. (Stealth+)))
You have tentacles for arms and can constrict up to eight enemies at once.
You are agile. (Dex +2)
Your magical capacity is low. (-10% MP)
You are robust. (+10% HP)
Your muscles are strong. (Str +2)


Message History

The floor.
Placed new exclusion.
There is a stone staircase leading down here.
Found 15 stones.
An orc comes into view. It is wielding a +0 club.
An orc is nearby!
An orc is nearby!
Casting: Foxfire (safe; 4% risk of failure)
Confirm with . or Enter, or press ? or * to list all spells.
You conjure some foxfire!
The orc shouts!
The foxfire hits the orc.
The orc is lightly wounded.
The foxfire hits the orc.
You kill the orc!
An ogre comes into view. It is wielding a +0 giant club.
The ogre shouts!
You see here 15 stones.
An ogre is nearby!
An ogre is nearby!
Casting: Foxfire (safe; 4% risk of failure)
Confirm with . or Enter, or press ? or * to list all spells.
You conjure some foxfire!
The foxfire hits the ogre.
The ogre is lightly wounded.
The foxfire hits the ogre.
The ogre is lightly wounded.
Casting: Foxfire (safe; 4% risk of failure)
Confirm with . or Enter, or press ? or * to list all spells.
Flames lash the ogre.
The ogre is heavily wounded.
The ogre's fire resistance burns away.
The ogre closely misses you.
A quokka comes into view.
Casting: Scorch (safe; 4% risk of failure)
Confirm with . or Enter, or press ? or * to list all spells.
Flames lash the ogre.
The ogre is burned terribly!
The ogre is severely wounded.
The ogre hits you with a +0 giant club!!
Ouch! That really hurt!
You die...

# # #.#+#### ##
#......## .#
#.......# .##
#.......# ..#
#.......# #.##
#.......####
#..#
#.##...O.....r.
##.#####
#.##...@..#
.......#
#.##..(...#
##..##.#
#.##....).#
^......#
#.##.######
.##.†### #.##.#
.###.#####.##.#
.+............#
.###..####.####
.####.## #.#


You could see an ogre (combustible) and a quokka.

Vanquished Creatures
  Robin (D:3)
  An adder (D:2)
  A white imp (D:3)
  2 worms (D:3)
  3 dart slugs
  2 orcs (D:4)
  5 bats
  10 endoplasms
  A giant cockroach (D:2)
  3 hobgoblins
  2 quokkas (D:2)
  8 ball pythons
  5 frilled lizards
  11 goblins
  3 goblin skeletons (D:3)
  4 hobgoblin zombies (D:3)
  3 kobolds
  4 kobold skeletons (D:3)
  An orc zombie (D:3)
  5 rats
75 creatures vanquished.

Vanquished Creatures (collateral kills)
  A foxfire (D:3)
1 creature vanquished.

Vanquished Creatures (others)
  147 foxfires
147 creatures vanquished.

Grand Total: 223 creatures vanquished

Notes
Turn   | Place    | Note
-------+----------+-------------------------------------------
     0 | D:1      | kae the Octopode Fire Elementalist began the quest for the
                  | Orb.
     0 | D:1      | Reached XP level 1. HP: 11/11 MP: 3/3
   342 | D:1      | Reached XP level 2. HP: 11/17 MP: 0/5
   795 | D:1      | You fall into a shaft and drop 1 floor!
   870 | D:2      | Reached XP level 3. HP: 22/22 MP: 3/6
   874 | D:2      | Learned a level 2 spell: Scorch
   878 | D:2      | Learned a level 3 spell: Conjure Flame
  2211 | D:2      | Gained mutation: Your body sometimes deteriorates upon
                  | taking damage. [potion of mutation]
  2211 | D:2      | HP: 1/22 [adder (4)]
  2216 | D:2      | Reached skill level 1 in Fighting
  2217 | D:2      | Reached XP level 4. HP: 28/28 MP: 7/7
  2748 | D:3      | Noticed an ogre
  2812 | D:3      | Found a glowing golden altar of the Shining One.
  3017 | D:3      | Found a faded altar of an unknown god.
  3348 | D:3      | Noticed Robin
  3357 | D:3      | Killed Robin
  3801 | D:3      | Lost mutation: Your body sometimes deteriorates upon taking
                  | damage. [potion of mutation]
  3801 | D:3      | Gained mutation: You are robust. (+10% HP) [potion of
                  | mutation]
  3801 | D:3      | Gained mutation: Your magical capacity is low. (-10% MP)
                  | [potion of mutation]
  3801 | D:3      | Gained mutation: You are agile. (Dex +2) [potion of
                  | mutation]
  3801 | D:3      | Gained mutation: Your muscles are strong. (Str +2) [potion
                  | of mutation]
  4121 | D:4      | Noticed Edmund
  4149 | D:4      | Noticed an ogre
  4156 | D:4      | Slain by an ogre

Illustrated notes

Levels and vault maps discovered:
D:1:      nzn_arrival_water_spiral, layout_loops_ring
D:2:      layout_basic, hex_large, minmay_pentomino_x4
D:3:      layout_loops_ring, nicolae_tso_besieged_by_evil,
          shapermc_ecumenical_altar_flowoftime, kennysheep_generic_room_8,
          uniq_robin
D:4:      layout_basic, ebering_ghost_disaster_area, uniq_sigmund, uniq_edmund

Skill      XL: |  1  2  3 |
---------------+----------+-----
Stealth        | 3 |  3.4
Fighting       | 1 |  1.3
Dodging        | |  2.4
Spellcasting   | |  2.4
Conjurations   | |  1.9
Fire Magic     | |  3.9

Action                   |  1- 3 |  4- 6 || total
-------------------------+-------+-------++-------
Melee: Unarmed           |    13 |       ||    13
       Tentacles         |    14 |     5 ||    19
       Constrict         |    11 |     5 ||    16
       Dagger            |    35 |    14 ||    49
 Cast: Foxfire           |    46 |    50 ||    96
       Scorch            |       |     2 ||     2
  Use: Scroll            |     5 |       ||     5
       Potion            |     4 |     1 ||     5
 Stab: Sleeping          |     4 |     2 ||     6
Armor: Skin              |     7 |     2 ||     9
Dodge: Dodged            |    33 |     7 ||    40

Table legend: (Time is in decaauts)
 A = Elapsed time spent in this place.
 B = Non-inter-level travel time spent in this place.
 C = Inter-level travel time spent in this place.
 D = Time resting spent in this place.
 E = Time spent auto-exploring this place.
 F = Levels seen in this place.
 G = Mean time per level.
                   A        B        C        D        E       F      G
               +--------+--------+--------+--------+--------+-----+--------+
         Total |   4156 |   3829 |    327 |      7 |   3304 |   4 | 1039.0 |
       Dungeon |   4156 |   3829 |    327 |      7 |   3304 |   4 | 1039.0 |
               +--------+--------+--------+--------+--------+-----+--------+

Top non-repeatable levels by time:
     D:1: 1322 daAuts
     D:2: 1317 daAuts
     D:3: 1277 daAuts
     D:4: 238 daAuts
